 Dungeon Crawl Stone Soup version 0.28-a0-691-gad6df49e81 (webtiles) character file.

Game seed: 8489110256454381381

408 marklar909 the Vexing (level 6, -6/46 HPs)
             Began as a Palentonga Enchanter on Oct 23, 2021.
             Was an Initiate of Dithmenos.
             Mangled by an ogre (16 damage)
             ... on level 5 of the Dungeon.
             The game lasted 00:09:00 (5151 turns).

marklar909 the Vexing (Palentonga Enchanter)        Turns: 5151, Time: 00:09:00

Health: -6/46      AC:  8    Str: 17    XL:     6   Next: 57%
Magic:  5/9        EV:  9    Int: 15    God:    Dithmenos [......]
Gold:   175        SH:  3    Dex: 13    Spells: 1/9 levels left

rFire   . . .      SeeInvis +   f - +2 dagger (freeze)
rCold   . . .      Faith    .   v - +0 buckler
rNeg    . . .      Spirit   .   b - +1 robe
rPois   .          Reflect  .   u - +1 helmet of Generosity {rElec}
rElec   +          Harm     .   (no cloak)
rCorr   .          Rampage  .   o - +0 pair of gloves
Will    .....                   (no barding)
Stlth   ++........              (no amulet)
HPRegen 0.15/turn               j - +6 ring of strength
MPRegen 0.11/turn               (no ring)

@: no status effects
A: large, rugged brown scales 3, see invisible, deformed body, roll 1, armoured
tail
a: Rolling Charge, Renounce Religion


You were on level 5 of the Dungeon.
You worshipped Dithmenos.
Dithmenos was noncommittal.
You visited 2 branches of the dungeon, and saw 6 of its levels.

You collected 175 gold pieces.

Inventory:

Hand Weapons
 f - a +2 dagger of freezing (weapon)
 t - the +6 hunting sling of the Fool {flame, Str+3 Int+2}
   (You found it on level 4 of the Dungeon)

   Any ammunition fired from it burns those it strikes, dealing additional fire
   damage.
   Str:       It affects your strength (+3).
   Int:       It affects your intelligence (+2).
Missiles
 h - 20 poisoned darts
 m - a throwing net
Armour
 b - a +1 robe (worn)
 o - a +0 pair of gloves (worn)
 u - the +1 helmet of Generosity (worn) {rElec}
   (You acquired it on level 4 of the Dungeon)

   rElec:     It insulates you from electricity.
 v - a +0 buckler (worn)
Magical Staves
 k - a staff of earth
 q - a staff of conjuration
Jewellery
 e - a ring of fire
 j - a +6 ring of strength (left hand)
 s - an amulet of faith
Wands
 l - a wand of charming (6)
Scrolls
 p - a scroll of identify
 w - a scroll of enchant armour
Potions
 a - a potion of brilliance {unknown}
 c - a potion of invisibility
 d - a potion of curing
 g - a potion of attraction {unknown}
 i - 2 potions of lignification {unknown}
 n - a potion of haste {unknown}
 r - a potion of degeneration {unknown}


   Skills:
 + Level 1.5 Fighting
 + Level 3.1 Short Blades
 + Level 0.2 Throwing
 + Level 2.6 Dodging
 + Level 3.4 Stealth
 - Level 2.1 Spellcasting
 + Level 3.8 Hexes
 + Level 1.2 Ice Magic


You had one spell level left.
You knew the following spells:

 Your Spells              Type           Power      Damage    Failure   Level
a - Ensorcelled Hibernat  Hex/Ice        18%        N/A       19%         2
b - Confusing Touch       Hex            13%        N/A       22%         3
c - Tukima's Dance        Hex            13%        N/A       22%         3

Your spell library contained the following spells:

 Spells                   Type           Power      Damage    Failure   Level
 Dazzling Flash           Conj/Hex       14%        N/A       45%         3
 Blink                    Tloc           N/A        N/A       50%         2
 Corpse Rot               Necr/Air       2%         N/A       50%         2
 Lesser Beckoning         Tloc           1%         N/A       73%         3
 Spider Form              Tmut/Pois      0%         N/A       73%         3
 Dispel Undead            Necr           1%         3d6       98%         4
 Manifold Assault         Tloc           1%         N/A       100%        5
 Death Channel            Necr           0%         N/A       100%        6


Dungeon Overview and Level Annotations

Branches:
Dungeon (5/15)             Temple (1/1) D:5

Altars:
Cheibriados
Dithmenos
Fedhas
Makhleb
Nemelex Xobeh
Ru
Sif Muna
Uskayaw
Yredelemnul

Shops:
D:2 [


Innate Abilities, Weirdness & Mutations

You are completely covered in rugged brown scales. (AC +3, +7% HP)
You have supernaturally acute eyesight. (SInv)
Armour fits poorly on your strangely shaped body.
You can roll at nearby foes to attack.
You have a long armoured tail.


Message History

Press: ? - help, v - describe, . - travel
Here: an ogre, wielding a +0 giant club (lightly wounded)
The floor.
Things that are here:
a +0 flail; 3 boomerangs You see here 18 sling bullets.
Things that are here:
a +0 hand axe; a +0 leather armour
Things that are here:
a +0 flail; 3 boomerangs You see here 18 sling bullets.
Casting: Ensorcelled Hibernation (safe; 19% risk of failure)
Confirm with . or Enter, or press ? or * to list all spells.
Aiming: Ensorcelled Hibernation (safe; 19% risk of failure)
Press: ? - help, Shift-Dir - straight line, f/p - ogre
Aim: an ogre, wielding a +0 giant club (chance to affect: 40%)
The ogre resists with some effort.
The ogre hits you with a +0 giant club.
Casting: Ensorcelled Hibernation (safe; 19% risk of failure)
Confirm with . or Enter, or press ? or * to list all spells.
Aiming: Ensorcelled Hibernation (safe; 19% risk of failure)
Press: ? - help, Shift-Dir - straight line, f/p - ogre
Aim: an ogre, wielding a +0 giant club (chance to affect: 40%)
The ogre looks drowsy...
The helpless ogre fails to defend itself.
You impale the ogre!! You freeze the ogre.
The ogre is severely wounded.
The ogre hits you with a +0 giant club!
* * * LOW HITPOINT WARNING * * *
Okay, then.
Things that are here:
a +0 flail; 3 boomerangs You see here 18 sling bullets.
Casting: Ensorcelled Hibernation (safe; 19% risk of failure)
Confirm with . or Enter, or press ? or * to list all spells.
Aiming: Ensorcelled Hibernation (safe; 19% risk of failure)
Press: ? - help, Shift-Dir - straight line, f/p - ogre
Aim: an ogre, wielding a +0 giant club (severely wounded, chance to affect: 40%)
The ogre resists with some effort.
The ogre hits you with a +0 giant club!
You die...

#.).............)##.#..##..
##..#.#.#)#..............$.
#...........##..##....##.
#..#.#.#.#.###..##..####.
#..##...................(.
#..###.########.###.####.#
#^.###)# #.# .#
#..).(.########.# .#
##<.##......O@..# .#
#..#...............#
#..##).#####.#####.#
#..###.# #.# #..###.# #.##
#..##..#####..##
#..#...........
#..#.♣♣♣)....♣♣♣
#####..#)♣≈≈≈≈≈≈≈≈≈♣ .#


You could see an ogre.

Vanquished Creatures
  A phantom (D:4)
  An orc priest (D:5)
  2 hounds
  A jelly (D:4)
  An iguana (D:4)
  3 gnolls (D:3)
  4 adders (D:2)
  An adder zombie (D:5)
  An adder skeleton (D:4)
  3 worms
  A dart slug (D:1)
  14 orcs
  An endoplasm (D:4)
  5 giant cockroaches
  7 goblins
  11 hobgoblins
  7 jackals
  6 quokkas
  4 ball pythons
  4 bats
  6 frilled lizards
  4 kobolds
  6 rats
94 creatures vanquished.

Vanquished Creatures (others)
  2 plants
2 creatures vanquished.

Grand Total: 96 creatures vanquished

Notes
Turn   | Place    | Note
-------+----------+-------------------------------------------
     0 | D:1      | marklar909 the Palentonga Enchanter began the quest for the
                  | Orb.
     0 | D:1      | Reached XP level 1. HP: 13/13 MP: 3/3
    65 | D:1      | Reached XP level 2. HP: 11/20 MP: 5/5
   876 | D:1      | Found Emeirazy's Armour Boutique.
   921 | D:1      | Reached XP level 3. HP: 25/25 MP: 6/6
  1169 | D:2      | Found Piffus's Armour Shop.
  1364 | D:2      | Learned a level 2 spell: Ensorcelled Hibernation
  1682 | D:2      | Reached XP level 4. HP: 32/32 MP: 4/7
  2789 | D:3      | Reached XP level 5. HP: 21/38 MP: 2/8
  2969 | D:3      | Learned a level 3 spell: Confusing Touch
  3078 | D:3      | Found a faded altar of an unknown god.
  3318 | D:3      | Reached skill level 1 in Fighting
  3690 | D:4      | Identified a scroll of acquirement
  3690 | D:4      | Acquired the +1 helmet of Generosity {rElec}
  3781 | D:4      | Reached skill level 1 in Ice Magic
  3782 | D:4      | Identified the +6 hunting sling of the Fool {flame, Str+3
                  | Int+2}
  3875 | D:4      | Learned a level 3 spell: Tukima's Dance
  4176 | D:4      | Found a blossoming altar of Fedhas.
  4231 | D:4      | Noticed a phantom
  4247 | D:4      | Killed a phantom
  4248 | D:4      | Reached XP level 6. HP: 30/46 MP: 5/9
  4546 | D:5      | Entered Level 5 of the Dungeon
  4581 | D:5      | Found a staircase to the Ecumenical Temple.
  4646 | Temple   | Entered the Ecumenical Temple
  4799 | Temple   | Became a worshipper of Dithmenos the Shadowed
  5151 | D:5      | Mangled by an ogre

Illustrated notes

Levels and vault maps discovered:
D:1:      ebering_hopf_link, layout_basic, serial_glass, glass_columns_a,
          glass_columns_c, serial_shops, shop, hangedman_abyss_or_decor_stabs
D:2:      layout_loops_ring, serial_shops, shop, kennysheep_generic_room_8
D:3:      layout_basic, shapermc_ecumenical_altar_mp_ritualfount
D:4:      layout_rooms, fedhas_altar_3
D:5:      layout_loops_ring, mainiacjoe_overflow_catwalk_spiral,
          minmay_temple_entry_water_ring, serial_rivers,
          chequers_serial_rivers_room_a, chequers_serial_rivers_micro_e,
          chequers_serial_rivers_room_a, chequers_serial_rivers_micro_a,
          serial_shops, nicolae_shop_trees, minmay_misc_feat_doors
Temple:   hc_temple_tempest_star

Skill      XL: |  1  2  3  4  5  6 |
---------------+-------------------+-----
Dodging        | 2 |  2.6
Short Blades   | 2 3 |  3.1
Stealth        | 3 |  3.4
Fighting       | 1 |  1.5
Ice Magic      | 1 |  1.2
Throwing       | |  0.2
Spellcasting   | |  2.1
Hexes          | |  3.8

Action                   |  1- 3 |  4- 6 || total
-------------------------+-------+-------++-------
Melee: Dagger            |   106 |   203 ||   309
       Tailslap          |     8 |    27 ||    35
Throw: Dart              |       |     3 ||     3
 Cast: Ensorcelled Hiber |     5 |    25 ||    30
       Confusing Touch   |       |     1 ||     1
 Abil: Rolling Charge    |       |     2 ||     2
  Use: Scroll            |       |     5 ||     5
 Stab: Sleeping          |     7 |    16 ||    23
       Confused          |       |     1 ||     1
Armor: Robe              |    46 |    63 ||   109
Dodge: Dodged            |    38 |    79 ||   117
Block: Buckler           |       |     3 ||     3

Table legend: (Time is in decaauts)
 A = Elapsed time spent in this place.
 B = Non-inter-level travel time spent in this place.
 C = Inter-level travel time spent in this place.
 D = Time resting spent in this place.
 E = Time spent auto-exploring this place.
 F = Levels seen in this place.
 G = Mean time per level.
                   A        B        C        D        E       F      G
               +--------+--------+--------+--------+--------+-----+--------+
         Total |   5138 |   4868 |    270 |    953 |   2910 |   6 |  856.3 |
       Dungeon |   4955 |   4747 |    208 |    953 |   2804 |   5 |  991.0 |
        Temple |    182 |    120 |     62 |      0 |    105 |   1 |  182.0 |
               +--------+--------+--------+--------+--------+-----+--------+

Top non-repeatable levels by time:
     D:2: 1320 daAuts
     D:3: 1178 daAuts
     D:1: 1125 daAuts
     D:4: 896 daAuts
     D:5: 435 daAuts
  Temple: 182 daAuts
